 Dungeon Crawl Stone Soup version 0.25.1-2-g60ff931df9 (webtiles) character file.

Game seed: 1838826431448967554

348 HawFromDerth the Covert (level 6, -1/45 HPs)
             Began as a Spriggan Assassin on Sept 11, 2020.
             Killed from afar by an orc wizard (7 damage)
             ... with a magic dart
             ... on level 3 of the Dungeon.
             The game lasted 00:11:05 (2713 turns).

HawFromDerth the Covert (Spriggan Assassin)         Turns: 2713, Time: 00:11:06

Health: -1/45      AC:  3    Str:  7    XL:     6   Next: 33%
Magic:  7/7        EV: 18    Int: 12    God:
Gold:   49         SH:  0    Dex: 26    Spells: 5/5 levels left

rFire    . . .     SeeInvis +   i - +2 short sword (drain)
rCold    . . .     Gourm    .   (shield restricted)
rNeg     . . .     Faith    .   b - +0 robe
rPois    .         Spirit   .   (helmet restricted)
rElec    .         Reflect  .   c - +0 cloak
rCorr    .         Harm     .   (gloves unavailable)
MR       +....                  (boots unavailable)
Stlth    ..........             (no amulet)
HPRegen  0.15/turn              n - +6 ring of dexterity
MPRegen  0.10/turn              (no ring)

@: berserking, very quick
A: very small, unfitting armour, see invisible, herbivore, speed 3, slow
metabolism 2
a: no special abilities


You were on level 3 of the Dungeon.
You were not hungry.

You visited 1 branch of the dungeon, and saw 3 of its levels.

You collected 49 gold pieces.

Inventory:

Hand Weapons
 a - a +2 dagger
 i - a +2 short sword of draining (weapon)
Missiles
 d - 54 poisoned darts (quivered)
 e - 2 curare-tipped darts
 k - 8 datura-tipped darts
Armour
 b - a +0 robe (worn)
 c - a +0 cloak (worn)
Jewellery
 l - a cursed ring of teleportation {unknown}
 n - a +6 ring of dexterity (left hand)
Scrolls
 m - a scroll of remove curse {unknown}
 o - 3 scrolls of teleportation
 p - a scroll of amnesia {unknown}
Potions
 g - a potion of flight
 h - a potion of berserk rage
 j - a potion of lignification {unknown}
 q - a potion of haste {unknown}
 r - a potion of stabbing {unknown}
Comestibles
 f - 8 rations


   Skills:
 + Level 2.0 Fighting
 + Level 3.3 Short Blades
 + Level 2.5 Throwing
 + Level 2.4 Dodging
 * Level 10.2 Stealth


You had 5 spell levels left.
You didn't know any spells.
Your spell library contained the following spells:

 Spells                   Type           Power        Failure   Level  Hunger
 Summon Small Mammal      Summ           #...         32%         1    ##.....
 Call Imp                 Summ           #.......     45%         2    ###....
 Call Canine Familiar     Summ           #.......     69%         3    ####...
 Summon Guardian Golem    Hex/Summ       #.......     69%         3    ####...
 Summon Ice Beast         Ice/Summ       #.......     97%         4    #####..
 Summon Lightning Spire   Summ/Air       #.......     97%         4    #####..


Dungeon Overview and Level Annotations

Branches:
Dungeon (3/15)

Altars:
The Shining One


Innate Abilities, Weirdness & Mutations

You are very small and have problems with some larger weapons.
You are too small for most types of armour.
You have supernaturally acute eyesight. (SInv)
You are a herbivore.
You cover ground extremely quickly.
You need to consume almost no food.


Message History

The orc wizard is moderately wounded.
The orc closely misses you.
The orc wizard hits you but does no damage.
You hit the orc wizard but do no damage.
You drain the orc wizard.
The orc wizard is heavily wounded.
The orc wizard points at you and mumbles some strange words.
The magic dart hits you!
You hit the orc wizard but do no damage.
The orc wizard is heavily wounded.
The orc hits you with a +0 mace!
* * * LOW HITPOINT WARNING * * *
Okay, then.
Quiver which item? (- for none, * to show all) (? for menu, Esc to quit)
Okay, then.
A red film seems to cover your vision as you go berserk!
You feel yourself moving faster!
You feel mighty! The orc wizard casts a spell at you. The magic dart hits you!
You die...

##### .........#
#######.## #.#
######## #.#
#....... #.#
#....... #####.#
#....... #.....#
#...oo.. #o#####
#....... #@#
#.......
##o#########.......
#......o...o†......
############.......
####'### #.# #.#
#.# #.#


You could see an orc wizard (drained) and an orc.

Vanquished Creatures
  Grinder (D:3)
  Jessica (D:3)
  6 adders
  A worm (D:2)
  3 dart slugs (D:1)
  A leopard gecko (D:3)
  4 orcs (D:3)
  A ball python (D:2)
  6 giant cockroaches
  5 goblins
  6 hobgoblins
  3 jackals (D:3)
  5 bats
  5 frilled lizards
  10 kobolds
  7 rats
65 creatures vanquished.

Notes
Turn   | Place    | Note
-------+----------+-------------------------------------------
     0 | D:1      | HawFromDerth the Spriggan Assassin began the quest for the
                  | Orb.
     0 | D:1      | Reached XP level 1. HP: 10/10 MP: 2/2
    73 | D:1      | Reached skill level 6 in Stealth
   368 | D:1      | Reached XP level 2. HP: 14/14 MP: 3/3
   762 | D:1      | Reached skill level 7 in Stealth
  1140 | D:1      | Reached XP level 3. HP: 18/18 MP: 4/4
  1762 | D:2      | Reached XP level 4. HP: 23/23 MP: 5/5
  1821 | D:2      | Found a glowing golden altar of the Shining One.
  1937 | D:2      | Reached skill level 8 in Stealth
  2075 | D:3      | Noticed Jessica
  2077 | D:3      | Noticed Grinder
  2079 | D:3      | Killed Jessica
  2082 | D:3      | Killed Grinder
  2082 | D:3      | Reached skill level 10 in Stealth
  2082 | D:3      | Reached XP level 5. HP: 26/26 MP: 6/6
  2082 | D:3      | Reached XP level 6. HP: 30/30 MP: 7/7
  2713 | D:3      | Killed from afar by an orc wizard

Illustrated notes

Levels and vault maps discovered:
D:1:      lemuel_arrival_muddy, layout_basic
D:2:      minmay_diamond_boxcup, layout_rooms, marbit_many_paths, first_ration,
          grunt_decor_arrowhead
D:3:      layout_basic, fedhas_altar_2, due_unseen_surprise, uniq_grinder,
          uniq_jessica

Skill      XL: |  1  2  3  4 |
---------------+-------------+-----
Stealth        | 6 7 10 | 10.2
Dodging        | 2 |  2.4
Fighting       | 2 |  2.0
Short Blades   | 3 |  3.3
Throwing       | |  2.5

Action                   |  1- 3 |  4- 6 || total
-------------------------+-------+-------++-------
Melee: Dagger            |    20 |       ||    20
       Short sword       |    53 |    64 ||   117
Throw: Dart              |    19 |       ||    19
  Use: Scroll            |     4 |       ||     4
       Potion            |       |     1 ||     1
 Stab: Sleeping          |    14 |    11 ||    25
Armor: Robe              |    12 |     6 ||    18
Dodge: Dodged            |    59 |    31 ||    90
